Unix NetHack Version 5.0.0-0 post-release - last build May 30 2026 05:04:26 (55804bc15828dd6e32e9076e0726aa6fccb6e981,branch:main).

Game began 2026-05-30 17:10:30, ended 2026-05-30 17:17:10.

DiePARTEI, neutral female human Tourist

          -------           ---                   ---- ------
          |.....-------------.--                ---..|--.--.------
          |..--................|                |....|........--.--
          |..|------..---.....-------           |......<..........|
         --..|---.--..| |-..........|---       ----......--.......--
         |..---......-- |.....@----.|..--  -----....---*.|--.......---  ---
 ----  ---...........|  |....G-||.......----....0---- ---- |.........| --.|
 |..|  |...-----.....----....>.|--...)............|        --........| |..|
--..----.---   |......--.......-----.|............|         -------.---|..--
|........| -----.................| --------.--....|               |...|--..|
--......---|.....................|       --.--.%..|               ---.---..---
 |-.......||...................---      --........--                |........|
--..--....||..................--     ----..........|                -----.-..--
|...|-.|..|---................|     --.|..........--                    |.....|
|...|..|..|  ---.............-|    --......--.....---                 ---....--
---...-----    |..............|    |......---.......|              ----......|
  --..|        |..............--   |.....--|........--          ----.........|
   |..--       --..............|   |.....| |..|......|          |.........----
   |...|        ---.---........|   ------- ------....|          --.......--
   --..|          --- -------.--                --..--           ---.|.---
    ----                    ---                  ----              -----
DiePARTEI the Rambler       St:13 Dx:17 Co:12 In:10 Wi:6 Ch:18  Neutral
Dlvl:4  $:824 HP:0(23) Pw:5(5) AC:4  Xp:2 T:797 

Latest messages:
 The gnome mummy misses the dwarf.
 The gnome mummy hits the dwarf.
 The dwarf is killed!
 The gnome hits!
 What do you want to drink? [i or ?*] ?
 You feel much better.
 The gnome mummy hits it.
 It misses the gnome mummy.
 The gnome hits!
 The gnome mummy misses the gnome.
 It hits the gnome.
 The gnome misses it.
 You hear some noises in the distance.
 Pick a monster, object or location.
 (        a useful item (pick-axe, key, lamp...) (a whistle)
 You descend the stairs.
 What do you want to read? [jw or ?*] j
 As you read the scroll, it disappears.
 A map coalesces in your mind!
 Where do you want to travel to?
 (For instructions type a '?')
 You are hit by an arrow!
 You are hit by an arrow.
 With great effort you move the boulder.
 What do you want to drink? [i or ?*] i
 You feel much better.
 You see here an arrow.
 The dwarf thrusts his dagger.
 The dwarf hits!
 The dwarf picks up an arrow.
 What do you want to use or apply? [lmno or ?*] l
 In what direction? 7
 The dwarf is blinded by the flash!
 The dwarf turns to flee.
 Welcome to experience level 2.
 You are hit by an arrow.
 The gnome misses!
 The gnome swings his bow.
 The gnome hits!
 The gnome swings his bow.
 The gnome hits!
 It is missed.
 You are almost hit by a dagger.
 The gnome lord hits!
 You die...
 Do you want your possessions identified? [ynq] (y) y
 Do you want to see your attributes? [ynq] (y) y
 Do you want an account of creatures vanquished? [ynaq] (y) y
 Do you want to see your conduct and achievements? [ynq] (y) y
 Do you want to see the dungeon overview? [ynq] (y) y

Inventory:
 Coins    ('$')
  $ - 824 gold pieces
 Weapons  (')')
  a - 37 +2 darts (at the ready)
 Armor    ('[')
  k - an uncursed +0 Hawaiian shirt with a jellyfish motif (being worn)
  p - an uncursed +1 elven mithril-coat (being worn)
 Comestibles  ('%')
  e - an uncursed slime mold
  s - an uncursed banana
  b - 4 uncursed food rations
  u - a cursed food ration
  t - an uncursed lembas wafer
  c - an uncursed melon
  g - an uncursed orange
  f - an uncursed pancake
  d - 3 uncursed tripe rations
  r - an uncursed lichen corpse
 Scrolls  ('?')
  w - an uncursed scroll of create monster
  j - 2 uncursed scrolls of magic mapping
 Rings    ('=')
  x - a cursed ring of teleport control
 Wands    ('/')
  o - a wand of polymorph (0:3)
 Tools    ('(')
  m - an uncursed credit card
  l - an expensive camera (0:59)
  n - a magic marker (0:22)
 Gems/Stones  ('*')
  v - an uncursed worthless piece of orange glass

DiePARTEI the Tourist's attributes:

Background:
 You were a Rambler, a level 2 female human Tourist.
 You were neutral, on a mission for The Lady
 who was opposed by Blind Io (lawful) and Offler (chaotic).
 You were right-handed.
 You were in the Gnomish Mines, on level 4.
 You entered the dungeon 797 turns ago.
 You had 26 experience points, 14 more were needed to attain level 3.

Basics:
 You had 0 out of 23 hit points.
 You had all 5 energy points (spell power).
 Your armor class was 4.
 Your wallet contained 824 zorkmids.
 Autopickup was off.

Final Characteristics:
 Your strength was 13 (limit:18/100).
 Your dexterity was 17 (limit:18).
 Your constitution was 12 (limit:18).
 Your intelligence was 10 (limit:18).
 Your wisdom was 6 (limit:18).
 Your charisma was 18 (limit:18).

Final Status:
 You weren't hungry.
 You were unencumbered.
 You were bare handed.
 You were unskilled in bare handed combat.

Final Attributes:
 You were nominally aligned.
 You were guarded.
 You are dead.

Miscellaneous:
 You didn't encounter any bones levels.
 Total elapsed playing time was 6 minutes and 38 seconds.

Major events:
 Turn
    1: DiePARTEI the neutral female human Tourist entered the dungeon
  689: entered the Gnomish Mines
  797: killed by a gnome lord

You didn't know any spells.

Skills:
 Fighting Skills
   bare handed combat [Unskilled]
   two weapon combat  [Unskilled]
   riding             [Unskilled]
 Weapon Skills
   dagger             [Unskilled]
   knife              [Unskilled]
   axe                [Unskilled]
   pick-axe           [Unskilled]
   short sword        [Unskilled]
   broadsword         [Unskilled]
   long sword         [Unskilled]
   two-handed sword   [Unskilled]
   saber              [Unskilled]
   mace               [Unskilled]
   morning star       [Unskilled]
   flail              [Unskilled]
   hammer             [Unskilled]
   quarterstaff       [Unskilled]
   polearms           [Unskilled]
   spear              [Unskilled]
   trident            [Unskilled]
   lance              [Unskilled]
   bow                [Unskilled]
   sling              [Unskilled]
   crossbow           [Unskilled]
   dart               [Basic]
   shuriken           [Unskilled]
   boomerang          [Unskilled]
   whip               [Unskilled]
   unicorn horn       [Unskilled]
 Spellcasting Skills
   divination spells  [Unskilled]
   enchantment spells [Unskilled]
   escape spells      [Unskilled]

Voluntary challenges:
 Character rerolling was not enabled.
 You were an atheist.
 You never hit with a wielded weapon.
 You never genocided any monsters.
 You never changed form.
 You used no wishes.
Achievement:
 You entered the Gnomish Mines.

 The Dungeons of Doom: levels 1 to 2
    Level 1:
    Level 2:
       A fountain.
       Stairs down to The Gnomish Mines.
 The Gnomish Mines: levels 3 to 4
    Level 3:
    Level 4: <- You were here.
       Final resting place for
          you, killed by a gnome lord.


Vanquished creatures:
  a dwarf
  8 gnomes
  a jackal
  a sewer rat
  a lichen
  5 newts
17 creatures vanquished.

No species were genocided or became extinct.

Game over:
                       ----------
                      /          \
                     /    REST    \
                    /      IN      \
                   /     PEACE      \
                  /                  \
                  |    DiePARTEI     |
                  |      824 Au      |
                  |   killed by a    |
                  |    gnome lord    |
                  |                  |
                  |                  |
                  |       2026       |
                 *|     *  *  *      | *
        _________)/\\_//(\/(/\)/\//\/|_)_______

Aloha DiePARTEI the Tourist...

You died in The Gnomish Mines on dungeon level 4 with 282 points,
and 824 pieces of gold, after 797 moves.
You were level 2 with a maximum of 23 hit points when you died.

